cohdb
Replays
Latest Replays
All Replays
Popular Replays
Top Player Replays
Match Explorer
How It Works
Community
CoH3 Stats
Reddit
Sign in to upload your games and track your stats! →
Sign in with Steam
Match 43533049
Unlisted
Match 43533049
Overview
Messages
Build Orders
End
Construct Weapon Support Center
Engineer Squad
M1919 Machine Gun Team
Bazooka Squad
Construct Barracks
M1919 Machine Gun Team
M1 Mortar Team
Mechanized Support Center
Riflemen Squad
M3 Armored Personnel Carrier
M3 Armored Personnel Carrier
Lazar
Guderian ITA
0
0
Comments
sign in to comment!
No comments posted yet!